 Dungeon Crawl Stone Soup version 0.16-a0-3496-g6490362 (webtiles) character file.

95491 PolkaDot the Brawler (level 15, -4/141 HPs)
             Began as a Green Draconian Gladiator on Jan 5, 2015.
             Killed from afar by an acid blob (11 damage)
             ... with a splash of acid
             ... on level 6 of the Pits of Slime.
             The game lasted 02:11:05 (37637 turns).

PolkaDot the Brawler (Green Draconian Gladiator)   Turns: 37637, Time: 02:11:06

Health: -4/141     AC:  6    Str: 19    XL:     15   Next: 66%
Magic:  23/26      EV: 19    Int: 14    God:
Gold:   2158       SH:  0    Dex: 16    Spells: 3 memorised, 1 level left

rFire  + + +     SeeInvis .       - Unarmed
rCold  + . .     Rnd*Rage +     (armour unavailable)
rNeg   . . .     SustAb   .     (no shield)
rPois  +         Gourm    +     H - +1 hat {MR+}
rElec  .         Spirit   .     e - +1 cloak {+Inv} (curse)
rCorr  .         Warding  .     i - +2 pair of gloves
rMut   .         Stasis   .     Q - +0 pair of boots
MR     ++...                    V - amulet of the gourmand
Stlth  ++........               B - ring of protection from cold
                                h - ring of protection from fire

@: brilliant, controlling teleports, corroded equipment, very resistant to
hostile enchantments, unstealthy
A: breathe noxious fumes, unfitting armour, stinger 1, berserk 1, fire
resistance 2, poison resistance, cold-blooded, AC +9
a: Breathe Noxious Fumes, Evoke Invisibility


You were on level 6 of the Pits of Slime.
You were not hungry.

You visited 4 branches of the dungeon, and saw 30 of its levels.
You also visited: Ossuary and Ice Cave.

You collected 2158 gold pieces.

Inventory:

Missiles
 d - 5 throwing nets (quivered)
Armour
 e - a cursed +1 cloak of invisibility (worn)
 i - a +2 pair of gloves (worn)
 H - a +1 hat of magic resistance (worn)
 Q - a +0 pair of boots (worn)
Jewellery
 h - a ring of protection from fire (left hand)
 w - an uncursed ring of sustain abilities
 B - a ring of protection from cold (right hand)
 E - an uncursed ring of see invisible
 G - an uncursed ring of flight
 K - an uncursed amulet of stasis
 R - an uncursed amulet of faith
 V - an amulet of the gourmand (around neck)
Magical devices
 c - a wand of flame (24)
 o - a wand of heal wounds (0)
 y - a wand of cold (2)
 z - a wand of teleportation (0)
 X - a wand of draining (10)
Scrolls
 f - 3 scrolls of amnesia
 n - 2 scrolls of immolation
 t - 11 scrolls of remove curse
 F - 3 scrolls of identify
 J - a scroll of enchant armour
 N - a scroll of silence
Potions
 b - 8 potions of brilliance
 p - 4 potions of magic
 r - 4 potions of cancellation
 s - 5 potions of restore abilities
 x - a potion of cure mutation {!q}
 D - a potion of ambrosia
 O - a potion of flight
 Y - 2 potions of mutation {!q}
Books
 S - a book of Frost

   Spells                             Type                      Level
   a - Freeze                         Ice                          1
   b - Throw Frost                    Conjuration/Ice              2
   c - Ozocubu's Armour               Charms/Ice                   3
   d - Throw Icicle                   Conjuration/Ice              4
   e - Summon Ice Beast               Ice/Summoning                4
   f - Condensation Shield            Ice                          4
Comestibles
 a - 7 bread rations
 g - 7 fruits
 j - 10 beef jerkies
 m - 11 meat rations
 M - 4 slices of pizza
 P - 7 royal jellies


   Skills:
 + Level 15.4 Fighting
 - Level 1.7 Throwing
 + Level 9.7 Dodging
 + Level 3.6 Stealth
 - Level 17.2 Unarmed Combat
 - Level 2.4 Charms
 - Level 7.4 Translocations
 - Level 7.1 Transmutations
 - Level 8.3 Evocations


You had one spell level left.
You knew the following spells:

 Your Spells              Type           Power        Failure   Level  Hunger
c - Control Teleport      Chrm/Tloc      ###.......   6%          4    #####..
d - Dragon Form           Trmt           ####......   91%         7    #######
q - Blink                 Tloc           N/A          1%          2    ###....


Dungeon Overview and Level Annotations

Branches:
Dungeon (15/15)            Temple (1/1) D:5            Lair (8/8) D:11
 Shoals (0/5) Lair:3       Spider (0/5) Lair:4        Slime (6/6) Lair:6
    Orc (0/4) D:10         Vaults (0/5) D:14         Depths (0/5) D:15

Altars:
Ashenzari
Cheibriados
Dithmenos
Elyvilon
Fedhas
Gozag
Kikubaaqudgha
Makhleb
Nemelex Xobeh
Okawaru
Qazlal
Ru
Sif Muna
Trog
Vehumet
Xom
Yredelemnul
Zin
The Shining One
Jiyva

Shops:
D:11 (   D:12 ?

Annotations:
Slime:6 Royal Jelly


Innate Abilities, Weirdness & Mutations

You can breathe blasts of noxious fumes.
Your lurid green scales are hard (AC +9).
Your body does not fit into most forms of armour.
Your tail ends in a poisonous barb.
Your system is resistant to poisons.
Your cold-blooded metabolism reacts poorly to cold.
You tend to lose your temper in combat.
Your flesh is very heat resistant.


Message History

A powerful magic interferes with your control of the blink.
You blink.
Read which item? (? for menu, Esc to quit)
As you read the scroll of fear, it crumbles to dust.
You assume a fearsome visage.
The acid blob resists with almost no effort.
The royal jelly resists with almost no effort.
The acid blob spits acid at you. The splash of acid hits you!
* * * LOW HITPOINT WARNING * * *
The acid corrodes your equipment!
The acid burns!
* * * LOW HITPOINT WARNING * * *
Read which item? (? for menu, Esc to quit)
As you read the scroll of fear, it crumbles to dust.
You assume a fearsome visage.
The acid blob resists with almost no effort.
The royal jelly resists with almost no effort.
The acid blob spits acid at you. The splash of acid hits you!
You die...

...................J.............
................J................
............#####.####...........
.........J.## #..# ##..........
..^.......## #.## ##.........
...JJ....## #..# ##........
...J....## ##.# ##.......
...J....# #..# #....... ........#
#@## #....... ....J...#
##.J########....... ..........
...#.J..#...#......... ........#.
#........#...#....... ........###
####..########....... ........#
#.## #....... ....... #..
#....... ... ##. ##....... . .
##........


You could see the royal jelly and an acid blob.

Vanquished Creatures
  Maud (Lair:6)
  Gastronok (Lair:1)
  2 dire elephants
  A fire dragon (Lair:8)
  A great orb of eyes (Slime:5)
  4 hydras
  2 ice dragons (IceCv)
  Erica (Lair:6)
  2 centaur warriors
  A dancing weapon (D:14)
  Urug (D:10)
  Nergalle (Lair:3)
  A giant orange brain (Slime:6)
  7 hill giants
  2 wolf spider zombies
  A wizard (D:15)
  An orb spider (Lair:6)
  A griffon (Lair:8)
  3 oklob plants
  2 wolf spiders
  11 elephants (Lair:6)
  8 ugly things
  3 manticores
  A hornet (Lair:8)
  3 centaur zombies
  A shining eye (Slime:1)
  A guardian serpent (Lair:8)
  The ghost of haldagan the Ruffian, an experienced TrFi (Ossuary)
  Joseph (D:7)
  16 spiny frogs
  An eye of devastation (Slime:5)
  12 black mambas
  The ghost of Grim the Skirmisher, an experienced OpBe of Trog (D:4)
  A queen ant (Lair:7)
  13 komodo dragons
  11 fire drakes
  5 trolls
  2 polar bears
  4 two-headed ogres
  A hornet zombie (D:10)
  20 blink frogs
  40 slime creatures
  2 shadows (D:12)
  A boulder beetle (Lair:7)
  A queen bee (D:9)
  3 basilisks
  A trapdoor spider (D:14)
  2 wraiths
  2 golden eyes (Slime:1)
  2 deep elf magi
  A steam dragon (Lair:8)
  14 hippogriffs
  50 yaks
  A human (D:10)
  4 wyverns
  2 hungry ghosts
  3 wandering mushrooms (Lair:1)
  A warg (D:10)
  A vampire mosquito (D:15)
  9 wolves
  Menkaure (D:6)
  9 soldier ants
  11 porcupines
  21 water moccasins
  A mottled dragon (D:12)
  2 sky beasts
  5 eyes of draining
  9 spiders
  3 swamp drakes (Lair:8)
  A black bear (D:11)
  13 ice beasts
  3 ogres
  13 centaurs
  3 wasps
  A boring beetle (Lair:7)
  5 orc warriors
  3 big kobolds
  Sigmund (D:5)
  19 crocodiles
  A brain worm (Lair:6)
  Blork the orc (D:7)
  21 giant frogs
  2 water moccasin zombies (Ossuary)
  A water moccasin skeleton (D:6)
  3 scorpions
  23 jellies
  7 wights
  2 electric eels (Lair:1)
  37 killer bees
  3 goliath beetles
  A giant frog zombie (D:11)
  A quasit (D:6)
  8 crimson imps
  4 centaur skeletons
  4 giant frog skeletons
  9 orc priests
  15 hounds
  30 worker ants
  6 orc wizards
  Natasha (thrice) (D:4)
  A spectral orc (Lair:3)
  8 hell rats (Lair:1)
  6 iguanas
  15 sheep
  2 big kobold zombies (Ossuary)
  Jessica (D:2)
  A hound zombie (D:10)
  A hound skeleton (D:10)
  3 mummies
  2 worker ant zombies
  10 gnolls
  37 adders
  74 river rats
  4 shadow imps
  12 white imps (D:13)
  3 giant mites
  3 worms
  3 adder skeletons
  3 adder zombies
  6 giant geckos
  2 oozes
  65 orcs
  3 gnoll zombies (Ossuary)
  21 goblins
  16 hobgoblins
  7 jackals
  26 kobolds
  16 quokkas
  18 bats
  2 giant cockroaches
  A giant cockroach zombie (D:5)
  A giant gecko skeleton (D:3)
  5 giant newts
  2 giant spores (D:10)
  6 hobgoblin zombies (Ossuary)
  9 kobold zombies (Ossuary)
  6 orc zombies (Ossuary)
  30 rats
  24 ballistomycetes
  A fungus (Lair:7)
  A plant (Lair:8)
1056 creatures vanquished.

Vanquished Creatures (collateral kills)
  A slime creature (D:14)
  A dancing weapon (D:14)
  A centaur zombie (D:14)
  A spiny frog (Lair:5)
  A centaur skeleton (D:14)
  A troll (D:14)
  A killer bee (D:9)
7 creatures vanquished.

Vanquished Creatures (others)
  14 spiders
  A centaur (D:14)
  A killer bee (D:7)
  2 giant mites (D:14)
  4 giant spores
  9 fungi
  2 plants
33 creatures vanquished.

Grand Total: 1096 creatures vanquished

Notes
Turn   | Place    | Note
--------------------------------------------------------------
     0 | D:1      | PolkaDot, the Draconian Gladiator, began the quest for the Orb.
     0 | D:1      | Reached XP level 1. HP: 17/17 MP: 1/1
   128 | D:1      | Reached XP level 2. HP: 11/25 MP: 2/2
  1009 | D:2      | Reached XP level 3. HP: 25/30 MP: 3/3
  1345 | D:2      | Reached skill level 4 in Unarmed Combat
  1513 | D:2      | Noticed Jessica
  1539 | D:2      | Killed Jessica
  1539 | D:2      | Reached XP level 4. HP: 23/37 MP: 4/4
  1553 | D:2      | Found a blossoming altar of Fedhas.
  1554 | D:2      | Found an iron altar of Okawaru.
  1890 | D:3      | Noticed a water moccasin
  1899 | D:3      | Killed a water moccasin
  1899 | D:3      | Reached skill level 5 in Unarmed Combat
  1899 | D:3      | Reached XP level 5. HP: 21/45 MP: 5/5
  2101 | D:3      | Found a stormy altar of Qazlal.
  2817 | D:4      | Noticed Grim's ghost (experienced OpBe)
  3236 | D:4      | Reached XP level 6. HP: 36/52 MP: 6/6
  3507 | D:4      | Noticed Natasha
  3513 | D:4      | Killed Natasha
  3549 | D:4      | Gained mutation: You have sharp toenails. [potion of beneficial mutation]
  3558 | D:4      | Lost mutation: You have sharp toenails. [potion of cure mutation]
  3877 | D:4      | Noticed Natasha
  3883 | D:4      | Killed Natasha
  3979 | D:4      | Reached skill level 6 in Unarmed Combat
  4114 | D:4      | Your scales start taking on a lurid green colour.
  4114 | D:4      | Gained mutation: Your system is resistant to poisons. [draconian maturity]
  4114 | D:4      | Reached XP level 7. HP: 60/60 MP: 7/7
  4204 | D:4      | Noticed Natasha
  4216 | D:4      | Killed Natasha
  4317 | D:5      | Entered Level 5 of the Dungeon
  4318 | D:5      | Noticed Sigmund
  4332 | D:5      | Killed Sigmund
  4493 | D:5      | Reached skill level 5 in Fighting
  4955 | D:5      | Reached skill level 7 in Unarmed Combat
  5026 | D:5      | Found a staircase to the Ecumenical Temple.
  5056 | Temple   | Entered the Ecumenical Temple
  5314 | D:5      | Found a bloodstained altar of Trog.
  5498 | D:4      | Killed Grim's ghost
  5498 | D:4      | Reached skill level 5 in Dodging
  5498 | D:4      | Reached XP level 8. HP: 55/70 MP: 8/8
  5837 | D:6      | Reached skill level 8 in Unarmed Combat
  5866 | D:6      | Found a burning altar of Makhleb.
  5867 | D:6      | Found a shimmering altar of Xom.
  6828 | D:6      | Noticed Menkaure
  6834 | D:6      | Killed Menkaure
  7322 | D:7      | Reached skill level 9 in Unarmed Combat
  7322 | D:7      | Reached XP level 9. HP: 78/78 MP: 9/9
  7334 | D:7      | Noticed Blork the orc
  7342 | D:7      | Killed Blork the orc
  7544 | D:7      | Found a sand-covered staircase.
  7549 | Ossuary  | Entered an ossuary
  7628 | Ossuary  | Noticed haldagan's ghost (experienced TrFi)
  7663 | Ossuary  | Killed haldagan's ghost
  8153 | D:7      | Reached skill level 10 in Unarmed Combat
  8261 | D:7      | Noticed Joseph
  8282 | D:7      | Killed Joseph
  8293 | D:7      | Found a glowing golden altar of the Shining One.
  8293 | D:7      | Found a snail-covered altar of Cheibriados.
  8678 | D:8      | Reached XP level 10. HP: 78/88 MP: 10/10
  9164 | D:9      | Reached skill level 11 in Unarmed Combat
  9638 | D:9      | Found an ancient bone altar of Kikubaaqudgha.
  9786 | D:9      | Found a sparkling altar of Nemelex Xobeh.
  9788 | D:9      | Found an opulent altar of Gozag.
  9851 | D:9      | Found a bloodstained altar of Trog.
 10690 | D:10     | Entered Level 10 of the Dungeon
 11092 | D:10     | Reached skill level 12 in Unarmed Combat
 11202 | D:10     | Found a staircase to the Orcish Mines.
 11513 | D:10     | Noticed Urug
 11553 | D:10     | Killed Urug
 11553 | D:10     | Reached XP level 11. HP: 59/99 MP: 8/11
 12169 | D:10     | Noticed a hill giant
 12966 | D:11     | Found a staircase to the Lair.
 13092 | D:11     | Found Joapsaop's Weapon Shoppe.
 13127 | D:11     | Found a shimmering altar of Xom.
 13128 | D:11     | Found a shimmering altar of Xom.
 13128 | D:11     | Found a shimmering altar of Xom.
 13138 | D:11     | Found a shimmering altar of Xom.
 13179 | D:11     | Reached skill level 10 in Fighting
 13224 | D:11     | Noticed a hill giant
 13239 | D:11     | Killed a hill giant
 13268 | D:11     | Noticed a hill giant
 13296 | D:11     | Killed a hill giant
 13658 | D:12     | Noticed a hill giant
 13690 | D:12     | Killed a hill giant
 13860 | D:12     | Reached skill level 13 in Unarmed Combat
 13899 | D:12     | Found Yrizoiq's Magic Scroll Emporium.
 14153 | D:12     | Found a glowing golden altar of the Shining One.
 14178 | D:12     | Noticed a hill giant
 14189 | D:12     | Killed a hill giant
 14930 | D:13     | Identified a scroll of acquirement
 14974 | D:13     | Found a frozen archway.
 15046 | IceCv    | Entered an ice cave
 15274 | IceCv    | Noticed an ice statue
 15274 | IceCv    | Noticed an ice statue
 15507 | IceCv    | Noticed an ice dragon
 15507 | IceCv    | Noticed an ice dragon
 15526 | IceCv    | Killed an ice dragon
 15526 | IceCv    | Reached skill level 1 in Evocations
 15526 | IceCv    | Reached XP level 12. HP: 101/110 MP: 11/15
 15535 | IceCv    | Killed an ice dragon
 15645 | IceCv    | Got a sparkling steel amulet
 15649 | IceCv    | Got a slimy iron amulet
 15659 | IceCv    | Identified the amulet "Cledd" {Faith Int-3} (You found it in an ice cave)
 15661 | IceCv    | Identified the amulet of Khul Feq {Inacc rC+ Int-3 SInv} (You found it in an ice cave)
 15907 | D:13     | Reached skill level 14 in Unarmed Combat
 17252 | D:14     | Noticed a centaur warrior
 17264 | D:14     | Killed a centaur warrior
 17658 | D:14     | Found a gate to the Vaults.
 18033 | D:14     | Reached skill level 5 in Evocations
 18530 | D:14     | Reached skill level 15 in Unarmed Combat
 18540 | D:15     | Entered Level 15 of the Dungeon
 18799 | D:15     | Found a staircase to the Depths.
 18799 | D:15     | Noticed a dire elephant
 19188 | D:15     | Gained mutation: Your flesh is heat resistant. [potion of beneficial mutation]
 19859 | D:15     | Killed a dire elephant
 19859 | D:15     | Reached XP level 13. HP: 32/118 MP: 22/22
 20230 | D:15     | Noticed a centaur warrior
 20246 | D:15     | Killed a centaur warrior
 21221 | D:14     | Noticed a five-headed hydra
 21232 | D:14     | Killed a five-headed hydra
 21298 | D:13     | Gained mutation: You tend to lose your temper in combat. [mutagenic glow]
 21596 | Lair:1   | Entered Level 1 of the Lair of Beasts
 21877 | Lair:1   | Reached skill level 16 in Unarmed Combat
 22561 | Lair:1   | Noticed Gastronok
 22579 | Lair:1   | Killed Gastronok
 24554 | Lair:3   | Noticed Nergalle
 24579 | Lair:3   | Killed Nergalle
 24758 | Lair:3   | Found a staircase to the Shoals.
 24908 | Lair:3   | You fall through a shaft for 2 floors!
 24932 | Lair:5   | Identified the Grimoire of Lucky Translocation
 24936 | Lair:5   | Learned a level 2 spell: Blink
 25984 | Lair:4   | Reached skill level 1 in Translocations
 26212 | Lair:5   | Gained mutation: Your tail ends in a poisonous barb. [draconian growth]
 26212 | Lair:5   | Reached XP level 14. HP: 129/129 MP: 25/25
 26705 | Lair:5   | Learned a level 7 spell: Dragon Form
 26738 | Lair:6   | Noticed Erica
 26744 | Lair:6   | Noticed Maud
 26749 | Lair:6   | Killed Erica
 26768 | Lair:6   | Killed Maud
 26784 | Lair:6   | Learned a level 4 spell: Control Teleport
 27106 | Lair:6   | Found a staircase to the Slime Pits.
 27296 | Lair:6   | Found a hole to the Spider Nest.
 27387 | Lair:6   | Reached skill level 5 in Translocations
 27398 | Lair:6   | Reached skill level 17 in Unarmed Combat
 27875 | Lair:6   | Reached skill level 1 in Transmutations
 29698 | Lair:8   | Entered Level 8 of the Lair of Beasts
 30311 | Lair:8   | Found a glowing golden altar of the Shining One.
 30822 | Lair:8   | Reached XP level 15. HP: 90/139 MP: 24/26
 31058 | Lair:8   | Reached skill level 5 in Transmutations
 31138 | Lair:8   | Identified the Handbook of Lightness (You found it on level 8 of the Lair of Beasts)
 32388 | Lair:4   | Reached skill level 1 in Charms
 32723 | Lair:4   | Found a hole to the Spider Nest.
 34329 | Lair:1   | Reached skill level 15 in Fighting
 34675 | Slime:1  | Entered Level 1 of the Pits of Slime
 34701 | Slime:3  | Noticed an acid blob
 34746 | Slime:2  | Noticed an acid blob
 35115 | Lair:6   | Reached skill level 1 in Stealth
 35338 | Slime:1  | Gained mutation: Your flesh is very heat resistant. [a shining eye]
 35476 | Slime:1  | Noticed an acid blob
 35839 | Slime:1  | Noticed an azure jelly
 35968 | Slime:4  | Noticed an acid blob
 36043 | Slime:4  | Noticed an azure jelly
 36051 | Slime:3  | Noticed an acid blob
 36071 | Slime:3  | Noticed an acid blob
 36923 | Slime:6  | Entered Level 6 of the Pits of Slime
 36923 | Slime:6  | Noticed an azure jelly
 36956 | Slime:6  | Noticed an azure jelly
 36968 | Slime:6  | Noticed an acid blob
 36974 | Slime:6  | Noticed an acid blob
 36975 | Slime:6  | Noticed an azure jelly
 37087 | Slime:6  | Noticed the royal jelly
 37091 | Slime:6  | Noticed an acid blob
 37100 | Slime:6  | Noticed an acid blob
 37541 | Slime:6  | Noticed an acid blob
 37563 | Slime:6  | Noticed an acid blob
 37563 | Slime:6  | Noticed an acid blob
 37563 | Slime:6  | Noticed an azure jelly
 37634 | Slime:6  | Found a viscous altar of Jiyva.
 37636 | Slime:6  | HP: 6/141 [acid (13)]
 37637 | Slime:6  | Killed from afar by an acid blob

Action                   |  1- 3 |  4- 6 |  7- 9 | 10-12 | 13-15 || total
-------------------------+-------+-------+-------+-------+-------++-------
Melee: Unarmed           |   138 |   184 |   515 |  1086 |  1981 ||  3904
Throw: Throwing net      |       |       |       |     1 |       ||     1
 Cast: Blink             |       |       |       |       |     4 ||     4
       Control Teleport  |       |       |       |       |     2 ||     2
 Abil: Breathe Noxious F |       |       |    11 |    31 |    16 ||    58
       Evoke Invisibilit |       |       |       |     3 |    18 ||    21
       Turn Visible      |       |       |       |       |     6 ||     6
       Evoke Flight      |       |       |       |       |     2 ||     2
Evoke: Wand              |       |       |       |    20 |    27 ||    47
       Sack of spiders   |       |       |       |    14 |       ||    14
  Use: Potion            |     1 |     7 |     4 |     9 |    22 ||    43
       Scroll            |       |     6 |    11 |    12 |    29 ||    58
 Stab: Confused          |       |       |     9 |    28 |    12 ||    49
       Sleeping          |       |       |     1 |     6 |     6 ||    13
       Held in net/web   |       |       |       |     1 |       ||     1
       Invisible         |       |       |       |     1 |    49 ||    50
       Distracted        |       |       |       |       |     1 ||     1
  Eat: Chunk             |     2 |     7 |    14 |    27 |    72 ||   122
       Fruit             |       |     1 |       |     2 |     1 ||     4
       Bread ration      |       |       |     1 |     2 |     3 ||     6
       Pizza             |       |       |       |     1 |       ||     1
       Meat ration       |       |       |       |     1 |       ||     1
